 Dungeon Crawl Stone Soup version 0.31-a0-151-ge443d1f16c (webtiles) character file.

Game seed: 15220399743476781964

1044 qw the Skirmisher (level 8, -16/70 HPs)
             Began as a Minotaur Hunter on June 8, 2023.
             Demolished by a boulder beetle (23 damage)
             ... on level 6 of the Dungeon.
             The game lasted 00:01:58 (4416 turns).

qw the Skirmisher (Minotaur Hunter)                 Turns: 4416, Time: 00:01:59

Health: -16/70     AC:  8    Str: 16    XL:     8   Next: 4%
Magic:  7/7        EV: 13    Int:  6    God:
Gold:   323        SH:  0    Dex: 16    Spells: 7/7 levels left

rFire   . . .        c - +0 orcbow
rCold   . . .        (shield currently unavailable)
rNeg    . . .        l - +2 animal skin
rPois   .            (helmet restricted)
rElec   .            (no cloak)
rCorr   .            b - +2 pair of gloves
SInv    .            a - +0 pair of boots
Will    .....        k - amulet of regeneration
Stlth   ++           (no ring)
HPRegen 1.11/turn    (no ring)
MPRegen 0.10/turn

%: no passive effects
@: no status effects
A: horns 2, retaliatory headbutt
a: no special abilities


You were on level 6 of the Dungeon.
You visited 1 branch of the dungeon, and saw 6 of its levels.

You collected 323 gold pieces.


Innate Abilities, Weirdness & Mutations

You have a pair of horns on your head.
You reflexively headbutt those who attack you in melee.


   Skills:
 - Level 6.3 Fighting
 + Level 9.3 Ranged Weapons
 - Level 1.9 Armour
 - Level 3.2 Dodging
 - Level 0.7 Stealth


You had 7 spell levels left.
You didn't know any spells.
Your spell library was empty.

Inventory:

Hand Weapons
 c - a +0 orcbow (weapon)
 Y - a +0 shortbow of flaming
Armour
 a - a +0 pair of boots (worn)
 b - a +2 pair of gloves (worn)
 l - a +2 animal skin (worn)
Jewellery
 d - a ring of fire
 k - an amulet of regeneration (around neck)
Scrolls
 g - a scroll of identify
Potions
 e - a potion of might {unknown}
 f - a potion of mutation {unknown}
 h - a potion of ambrosia {unknown}

Dungeon Overview and Level Annotations

Branches:
Dungeon (6/15)
 Temple: D:4-7

Altars:
Gozag
Qazlal
Trog
Uskayaw
Wu Jian
Xom


Message History

The boulder beetle bites you!
You shoot an arrow. The arrow hits the boulder beetle.
The boulder beetle is lightly wounded.
The boulder beetle closely misses you.
You shoot an arrow.
The arrow hits the boulder beetle but does no damage.
The boulder beetle is lightly wounded.
The boulder beetle bites you!
You shoot an arrow.
The arrow completely misses the boulder beetle.
The boulder beetle bites you.
You shoot an arrow.
The arrow hits the boulder beetle but does no damage.
The boulder beetle is lightly wounded.
The boulder beetle bites you!!
You shoot an arrow.
The arrow hits the boulder beetle but does no damage.
The boulder beetle is lightly wounded.
The boulder beetle barely misses you. The boulder beetle bites you!
You shoot an arrow.
The arrow hits the boulder beetle but does no damage.
The boulder beetle is lightly wounded.
The boulder beetle bites you.
You shoot an arrow.
The arrow completely misses the boulder beetle.
The boulder beetle barely misses you.
You shoot an arrow.
The arrow hits the boulder beetle but does no damage.
The boulder beetle is lightly wounded.
The boulder beetle leaps!
You shoot an arrow. The arrow hits the boulder beetle.
The boulder beetle is lightly wounded.
You shoot an arrow.
The arrow hits the boulder beetle but does no damage.
The boulder beetle is lightly wounded.
You shoot an arrow.
The arrow hits the boulder beetle but does no damage.
The boulder beetle is lightly wounded.
The boulder beetle bites you!!
You die...

#.# #.# #.# #.#
#.# # #.# ##.
#.#
##.$.##########
#.#
#..$.B@.......#
#.#
#....########.#
#.# .....
#.#######.#
##.#
#.........# ..
########### #


You could see a boulder beetle.

Vanquished Creatures
  An ice beast (D:4)
  A centaur (D:5)
  2 phantoms
  3 scorpions (D:5)
  A jelly (D:5)
  A hound (D:4)
  2 orc priests
  An iguana (D:5)
  Natasha (D:2)
  2 orc wizards
  Robin (D:3)
  4 gnolls (D:4)
  8 adders
  6 river rats (D:4)
  An ufetubus (D:5)
  3 worms
  4 dart slugs
  25 orcs
  6 endoplasms
  9 giant cockroaches
  A hobgoblin (D:3)
  3 quokkas
  9 ball pythons
  4 bats
  3 frilled lizards
  18 goblins
  5 kobolds
  6 rats
131 creatures vanquished.

Notes
Turn   | Place    | Note
-------+----------+-------------------------------------------
     0 | D:1      | qw the Minotaur Hunter began the quest for the Orb.
     0 | D:1      | Reached XP level 1. HP: 18/18 MP: 0/0
     0 | D:1      | 0 ||| qw: Version: 0.2-a-120-gdf1a93b
     0 | D:1      | 0 ||| qw: Game counter: 3051
     0 | D:1      | 0 ||| qw: Always use a shield: true
     0 | D:1      | 0 ||| qw: God list: Okawaru
     0 | D:1      | 0 ||| qw: Allow faded altars: false
     0 | D:1      | 0 ||| qw: Do Orc after D:15 true
     0 | D:1      | 0 ||| qw: Do second Lair branch before Depths: true
     0 | D:1      | 0 ||| qw: Lair rune preference: random
     0 | D:1      | 0 ||| qw: Plans: Normal
     0 | D:1      | 0 ||| PLANNING D:1-11
   206 | D:1      | Reached XP level 2. HP: 25/25 MP: 1/1
   241 | D:1      | Reached skill level 5 in Ranged Weapons
   868 | D:1      | 868 ||| READING scroll labelled UKALONI SUKID.
   869 | D:1      | 869 ||| READING scroll labelled WUSUFO HILIK.
   873 | D:1      | 873 ||| DROPPING scroll of butterflies.
   967 | D:2      | Reached skill level 3 in Fighting
  1088 | D:2      | Reached XP level 3. HP: 18/31 MP: 2/2
  1088 | D:2      | 1088 ||| FLEEEEING.
  1089 | D:2      | 1089 ||| FLEEEEING.
  1090 | D:2      | 1090 ||| FLEEEEING.
  1091 | D:2      | 1091 ||| FLEEEEING.
  1092 | D:2      | 1092 ||| FLEEEEING.
  1093 | D:2      | 1093 ||| FLEEEEING.
  1094 | D:2      | 1094 ||| FLEEEEING.
  1095 | D:2      | 1095 ||| FLEEEEING.
  1096 | D:2      | 1096 ||| FLEEEEING.
  1097 | D:2      | 1097 ||| FLEEEEING.
  1098 | D:2      | 1098 ||| FLEEEEING.
  1099 | D:2      | 1099 ||| FLEEEEING.
  1100 | D:2      | 1100 ||| FLEEEEING.
  1101 | D:2      | 1101 ||| FLEEEEING.
  1102 | D:2      | 1102 ||| FLEEEEING.
  1103 | D:2      | 1103 ||| FLEEEEING.
  1104 | D:2      | 1104 ||| FLEEEEING.
  1105 | D:2      | 1105 ||| FLEEEEING.
  1106 | D:2      | 1106 ||| FLEEEEING.
  1107 | D:2      | 1107 ||| FLEEEEING.
  1108 | D:2      | 1108 ||| FLEEEEING.
  1109 | D:2      | 1109 ||| FLEEEEING.
  1110 | D:2      | 1110 ||| FLEEEEING.
  1111 | D:2      | 1111 ||| FLEEEEING.
  1112 | D:2      | 1112 ||| FLEEEEING.
  1113 | D:2      | 1113 ||| FLEEEEING.
  1114 | D:2      | 1114 ||| FLEEEEING.
  1115 | D:2      | 1115 ||| FLEEEEING.
  1116 | D:2      | 1116 ||| FLEEEEING.
  1118 | D:2      | 1118 ||| FLEEEEING.
  1119 | D:2      | 1119 ||| FLEEEEING.
  1120 | D:2      | 1120 ||| FLEEEEING.
  1121 | D:2      | 1121 ||| FLEEEEING.
  1122 | D:2      | 1122 ||| FLEEEEING.
  1123 | D:2      | 1123 ||| FLEEEEING.
  1124 | D:2      | 1124 ||| FLEEEEING.
  1125 | D:2      | 1125 ||| FLEEEEING.
  1126 | D:2      | 1126 ||| FLEEEEING.
  1203 | D:2      | Noticed Natasha
  1207 | D:2      | Killed Natasha
  1414 | D:2      | Identified the +0 dagger "Ifimamao" {heavy, *Corrode rElec
                  | rC+ Will+}
  1431 | D:2      | Reached XP level 4. HP: 38/38 MP: 3/3
  1516 | D:2      | Reached skill level 6 in Ranged Weapons
  1608 | D:2      | 1608 ||| UPGRADING to amulet of regeneration.
  1613 | D:2      | 1613 ||| READING scroll labelled YNIPLE GENEGAU.
  1614 | D:2      | 1614 ||| READING scroll labelled ABUTYQ URAKHLU.
  1615 | D:2      | 1615 ||| READING scroll labelled BUSOCOQYSO.
  1616 | D:2      | 1616 ||| READING scroll labelled BIOMON JUXKE.
  1617 | D:2      | 1617 ||| DRINKING 2 viscous blue potions.
  1618 | D:2      | 1618 ||| DROPPING potion of magic.
  1879 | D:3      | Noticed Robin
  1885 | D:3      | 1885 ||| Stepping ~*~*~tactically~*~*~ (outnumbered).
  1906 | D:3      | Killed Robin
  1907 | D:3      | Reached XP level 5. HP: 38/46 MP: 4/4
  2325 | D:3      | 2325 ||| UPGRADING to +0 ring mail.
  2335 | D:3      | 2335 ||| DROPPING +0 leather armour.
  2336 | D:3      | 2336 ||| UPGRADING to +2 animal skin.
  2346 | D:3      | 2346 ||| DROPPING +0 ring mail.
  2347 | D:3      | 2347 ||| READING scroll labelled RUBUBLAK YFFO.
  2348 | D:3      | 2348 ||| READING scroll labelled SEAJACEEPT.
  2349 | D:3      | 2349 ||| DRINKING 2 inky potions.
  2350 | D:3      | 2350 ||| READING 2 scrolls of identify.
  2350 | D:3      | 2350 ||| IDENTIFYING ruby potion
  2351 | D:3      | 2351 ||| DROPPING potion of attraction.
  2374 | D:4      | 2374 ||| PLANNING SEWER
  2419 | D:4      | Found a bloodstained altar of Trog.
  2419 | D:4      | Found a stormy altar of Qazlal.
  2471 | D:4      | HP: 7/46 [gnoll/+0 vampiric spear (7)]
  2472 | D:4      | 2472 ||| READING scroll of teleportation.
  2473 | D:4      | 2473 ||| DRINKING potion of heal wounds.
  2501 | D:4      | Noticed an ice beast
  2508 | D:4      | Killed an ice beast
  2509 | D:4      | Reached skill level 7 in Ranged Weapons
  2509 | D:4      | Reached XP level 6. HP: 52/52 MP: 5/5
  2592 | D:4      | Found a shimmering altar of Xom.
  2648 | D:4      | 2648 ||| FLEEEEING.
  2650 | D:4      | Reached skill level 3 in Dodging
  2671 | D:4      | Reached skill level 8 in Ranged Weapons
  2952 | D:4      | Reached XP level 7. HP: 60/60 MP: 6/6
  2969 | D:4      | 2969 ||| RIP SEWER
  2972 | D:4      | 2972 ||| PLANNING D:1-11
  3170 | D:4      | Found an opulent altar of Gozag.
  3231 | D:4      | 3231 ||| UPGRADING to +0 pair of boots.
  3236 | D:4      | 3236 ||| DROPPING amulet of the acrobat.
  3286 | D:5      | Entered Level 5 of the Dungeon
  3427 | D:5      | Found a hide-covered altar of Uskayaw.
  3485 | D:5      | 3485 ||| FLEEEEING.
  3486 | D:5      | 3486 ||| Stepping ~*~*~tactically~*~*~ (outnumbered).
  3488 | D:5      | 3488 ||| Stepping ~*~*~tactically~*~*~ (outnumbered).
  3538 | D:5      | Reached skill level 9 in Ranged Weapons
  3553 | D:5      | 3553 ||| SWAPPING to +0 orcbow.
  3578 | D:5      | Reached skill level 1 in Armour
  3842 | D:5      | Reached skill level 6 in Fighting
  3898 | D:5      | Reached XP level 8. HP: 70/70 MP: 7/7
  4257 | D:5      | 4257 ||| UPGRADING to +2 pair of gloves.
  4262 | D:5      | 4262 ||| DROPPING ring of magical power.
  4316 | D:6      | Found an ornate altar of the Wu Jian Council.
  4392 | D:6      | Noticed a boulder beetle
  4409 | D:6      | HP: 15/70 [boulder beetle (18)]
  4410 | D:6      | HP: 5/70 [boulder beetle (11)]
  4411 | D:6      | HP: 1/70 [boulder beetle (5)]
  4416 | D:6      | Demolished by a boulder beetle

Levels and vault maps discovered:
D:1:      tarquinn_simple_flora_water_d, layout_basic, minmay_worlds_worst_comb
D:2:      layout_basic, minmay_tall_x, uniq_natasha
D:3:      layout_loops_ring, uniq_robin
D:4:      layout_rooms, lemuel_coloured_pillars_altar,
          mainiacjoe_overflow_alcove_4, gammafunk_temple_overflow_statue,
          lightli_sewer_entry_pipes
D:5:      layout_basic, mainiacjoe_overflow_surrounded_room
D:6:      layout_loops_ring, grunt_temple_overflow_holy_war,
          kennysheep_little_box

Skill      XL: |  1  2  3  4  5  6  7 |
---------------+----------------------+-----
Ranged Weapons | 5 6 7 8 9 |  9.3
Fighting       | 3 4 6 |  6.3
Dodging        | 3 |  3.2
Armour         | 1 |  1.9
Stealth        | |  0.7

Action                     |  1- 3 |  4- 6 |  7- 9 || total
---------------------------+-------+-------+-------++-------
   Fire: Shortbow          |   119 |   214 |    82 ||   415
         Orcbow            |       |       |    60 ||    60
    Use: Scroll            |     2 |     8 |       ||    10
         Potion            |       |     3 |       ||     3
 Armour: Leather armour    |    20 |    12 |       ||    32
         Animal skin       |       |     8 |     6 ||    14
  Dodge: Dodged            |    32 |    59 |    38 ||   129

Table legend:
 A = Non-vault XP
 B = Vault XP
 C = Vault XP percentage of total XP
 D = Non-vault monster count
 E = Vault monster count
 F = Vault count percentage of total count
                 A         B        C        D         E       F
            +---------+---------+-------+---------+---------+-------
      Total |    1306 |     186 |  12.5 |     101 |      30 |  22.9
            +---------+---------+-------+---------+---------+-------
        D:1 |      20 |       6 |  23.1 |      15 |       3 |  16.7
        D:2 |      38 |      45 |  54.2 |      16 |       5 |  23.8
        D:3 |      92 |      36 |  28.1 |      21 |      12 |  36.4
        D:4 |     478 |      99 |  17.2 |      29 |      10 |  25.6
        D:5 |     678 |       0 |   0.0 |      20 |       0 |   0.0
            +---------+---------+-------+---------+---------+-------
